 Dungeon Crawl Stone Soup version 0.17-a0-1582-ge6b0260 (console) character file.

135 Illaniel the Charmwright (level 4, -3/30 HPs)
             Began as a High Elf Skald on July 28, 2015.
             Slain by a killer bee (5 damage)
             ... on level 3 of the Dungeon.
             The game lasted 00:13:14 (2624 turns).

Illaniel the Charmwright (High Elf Skald)           Turns: 2624, Time: 00:13:14

Health: -3/30      AC:  3    Str: 12    XL:     4   Next: 96%
Magic:  4/10       EV: 12    Int: 15    God:
Gold:   79         SH:  0    Dex: 15    Spells: 5 memorised, 0 levels left

rFire  . . .     SeeInvis .     a - +0 falchion
rCold  . . .     Clarity  .     b - +0 leather armour
rNeg   . . .     SustAt   .     (no shield)
rPois  .         Gourm    .     (no helmet)
rElec  .         Spirit   .     (no cloak)
rCorr  .         Warding  .     (no gloves)
rMut   .         Stasis   .     (no boots)
MR     .....                    (no amulet)
Stlth  +.........               (no ring)
                                (no ring)

@: lethally poisoned (-3 -> -5), very slightly contaminated, not resistant to
hostile enchantments, very unstealthy
A: no striking features
a: no special abilities


You were on level 3 of the Dungeon.
You were very hungry.

You visited 1 branch of the dungeon, and saw 4 of its levels.

You collected 79 gold pieces.

Inventory:

Hand weapons
 a - a +0 falchion (weapon)
Missiles
 i - 3 poisoned needles
Armour
 b - a +0 leather armour (worn)
Scrolls
 j - a scroll of immolation {unknown}
 l - 2 scrolls of identify {unknown}
 m - 2 scrolls of blinking {unknown}
 n - a scroll of remove curse {unknown}
 o - a scroll of fear {unknown}
Potions
 e - 2 potions of ambrosia {unknown}
 f - a potion of haste {unknown}
 g - 2 potions of curing {unknown}
 k - 2 potions of heal wounds {unknown}
 p - a potion of resistance {unknown}
Books
 c - a book of Battle

   Spells                             Type                      Level
   a - Infusion                       Charms                       1
   b - Shroud of Golubria             Charms/Translocation         2
   c - Song of Slaying                Charms                       2
   d - Spectral Weapon                Hexes/Charms                 3
   e - Regeneration                   Charms/Necromancy            3
 r - a book of Cantrips

   Spells                             Type                      Level
   a - Corona                         Hexes                        1
   b - Animate Skeleton               Necromancy                   1
   c - Summon Small Mammal            Summoning                    1
   d - Apportation                    Translocation                1
Comestibles
 d - 3 bread rations
 h - a meat ration


   Skills:
 + Level 2.4 Fighting
 * Level 2.9 Long Blades
 + Level 1.6 Armour
 * Level 1.9 Dodging
 * Level 3.5 Spellcasting
 * Level 1.0 Hexes
 * Level 4.6 Charms
 + Level 0.4 Translocations


You couldn't memorise any spells.
You knew the following spells:

 Your Spells              Type           Power        Failure   Level  Hunger
a - Infusion              Chrm           ###...       3%          1    None
c - Spectral Weapon       Hex/Chrm       ##......     24%         3    ###....
h - Shroud of Golubria    Chrm/Tloc      ##........   17%         2    ##.....
r - Regeneration          Chrm/Necr      #.........   30%         3    ###....
z - Summon Small Mammal   Summ           #...         28%         1    None


Dungeon Overview and Level Annotations

Branches:
Dungeon (4/15)
 Temple: D:4-7

Altars:
The Shining One


Message History

Your bat hits the killer bee but does no damage.
The killer bee stings you.
You are poisoned.
The killer bee poisons you!
You feel sick.
Your bat closely misses the killer bee.
The killer bee stings you!
* * * LOW HITPOINT WARNING * * *
Your bat hits the killer bee but does no damage.
Your bat hits the killer bee but does no damage.
The killer bee stings you.
* * * LOW HITPOINT WARNING * * *
* * * LOW HITPOINT WARNING * * *
You feel sick.
Your bat misses the killer bee. The killer bee stings your bat.
Your bat dies!
Your bat's corpse disappears in a puff of smoke!
The killer bee misses you.
Casting: Summon Small Mammal
Confirm with . or Enter, or press ? or * to list all spells.
The killer bee barely misses you. The killer bee stings you.
You die...

∙∙∙∙∙∙∙∙∙∙$∙∙∙▒
∙∙∙∙∙S∙∙∙∙∙▒∙∙∙
∙∙∙∙∙∙∙∙∙∙▒▒▒∙▒
∙∙∙∙∙∙∙∙∙∙▒ ∙▒
▒∙∙ ▒∙▒▒▒▒ ▒∙∙
▒∙∙∙∙▒ ▒∙∙ ▒∙∙∙∙▒
▒∙∙▒▒∙∙∙∙▒
▒∙∙∙▒∙∙∙∙▒
▒∙∙∙∙∙∙∙∙∙
▒▒▒y∙∙▒▒▒▒▒▒▒▒▒▒▒
▒<@yb∙∙∙∙∙∙∙∙∙∙∙▒
▒▒▒▒∙∙▒▒▒▒▒▒▒▒▒∙▒
▒∙∙∙>▒ $▒ ▒∙▒▒▒▒
y▒ ▒∙ ∙▒ ▒ ∙▒ ∙▒
∙▒


You could see 2 killer bees and a friendly bat.

Vanquished Creatures
  An iguana (D:3)
  4 adders (D:2)
  6 worms (D:2)
  A giant gecko (D:2)
  2 orcs (D:2)
  3 giant cockroaches
  5 hobgoblins
  6 jackals (D:2)
  12 kobolds
  2 bats
  3 giant newts
  4 goblins
  9 rats
58 creatures vanquished.

Notes
Turn   | Place    | Note
--------------------------------------------------------------
     0 | D:1      | Illaniel the High Elf Skald began the quest for the Orb.
     0 | D:1      | Reached XP level 1. HP: 14/14 MP: 4/4
   129 | D:1      | Reached skill level 1 in Armour
   260 | D:1      | Reached XP level 2. HP: 17/19 MP: 3/6
   295 | D:1      | Reached skill level 4 in Charms
   299 | D:1      | Learned a level 2 spell: Shroud of Golubria
   838 | D:2      | Reached XP level 3. HP: 15/24 MP: 1/8
   845 | D:2      | Learned a level 3 spell: Spectral Weapon
   985 | D:2      | Found a glowing golden altar of the Shining One.
  1546 | D:2      | Reached XP level 4. HP: 21/29 MP: 1/9
  1562 | D:2      | Learned a level 3 spell: Regeneration
  1583 | D:2      | Reached skill level 1 in Hexes
  2487 | D:3      | Learned a level 1 spell: Summon Small Mammal
  2624 | D:3      | Slain by a killer bee

Vault maps used:
D:1:      minmay_arrival_stone_box, minivault_19, minmay_stone_trees_medium
D:2:      first_bread, hangedman_feature_mirror, tso_metal_star
D:3:      okawaru_trees_2, hangedman_decor_points
D:4:      serial_shops, shop_fountains, kennysheep_mini, kennysheep_mini_moat

Action                   |  1- 3 |  4- 6 || total
-------------------------+-------+-------++-------
Melee: Falchion          |   119 |    68 ||   187
 Cast: Infusion          |    18 |     2 ||    20
       Shroud of Golubri |     5 |     8 ||    13
       Spectral Weapon   |     8 |     6 ||    14
       Summon Small Mamm |       |     7 ||     7
       Regeneration      |       |     2 ||     2
  Eat: Chunk             |     4 |     4 ||     8
